← All builds
Geo / Cortex / Economy first / OBSERVED BUILD

Standard geo

Cortex Geo build order · Supreme Isthmus

Standard Cortex Geo play: bot lab into geothermal and advanced geothermal economy, blow the commander for T2, transition into Advanced Bot Lab producing Sheldon and other T2 bots sent to front while switching to T2 constructors to supply…

Usually blows up the commander for T2 (67%)

#eco #t2 #team support · 286 distinct matches · 103 players · 34% of Cortex Geo games · team won 44% of 292 · Recently observed

THE CATCH, AND WHAT COMES WITH IT
  • ArbiterArbiter in 41%18% of all Geo games by then

Then transitions into Sheldon (27% of army), Sumo (8% of army).

HOW TO PLAY IT

Key timing: T2 bot lab by 8:03

  1. Open 3 mex into early Bot Lab and solar.
  2. Bring geothermal online fast to fund the tech rush.
  3. Finish Advanced Bot Lab to unlock T2 bot units.
  4. Push Sheldon (and Arbiter, Sumo) to front as the first T2 units.
  5. Switch into T2 construction bots to supply allies with T2 cons.

Phase by phase

TYPICAL OF ITS 286 GAMES
  1. 1
  2. 2
  3. 3
  4. 4
PLAY THE OPENING

Follow the example game's first 6:00 step by step: what to build now, what comes next, and where it goes. At 1× it keeps pace with your own game.

  1. 1

    Up to the Bot Lab

    Economy
    • Metal Extractor3Mex
    • Wind Turbine4Wind
    Order
    1. Bot LabBot Lab after 3 mex, 4 winddone ~1:12, middle half 0:57–1:23

    By 0:56 in all: 3 mex · 4 wind

    The example game in this phase · 4 steps
    1. Mex ×2
    2. Wind ×3
    3. Solar
    4. Bot LabBot Labdone 1:08 · typical 1:12
  2. 2

    Bot Lab to 5:00

    Economy
    • Metal Extractor1Mex
    • Wind Turbine4Wind
    • Energy Converter8Converter
    • Energy Storage1Energy storage
    Order
    1. Geothermal PowerplantGeo after 4 mex, 6 wind, 1 energy storage
    2. Bot LabEat Bot Lab
    Builders
    • Construction Turret5 Con turret
    • Graverobber4 Graverobber
    • Construction Bot2 Con bot
    • Construction Bot1 Con bot for allies
    • Graverobber1 Graverobber for allies

    By 5:00 in all: 4 mex · 7 wind · 1 geo · 8 converter · 1 energy storage · 5 con turret

    The example game in this phase · 22 steps
    1. GraverobberGraverobber
    2. Construction BotCon bot
    3. GruntGruntfor Suicide front
    4. GruntGrunt
    5. Construction BotCon botfor Beach sea
    6. Mex
    7. Construction BotCon bot
    8. Wind ×2
    9. GraverobberGraverobber
    10. Geothermal PowerplantGeodone 4:05 · typical 3:26
    11. Construction BotCon bot
    12. Mex
    13. Con turret
    14. Wind
    15. Energy storage
    16. Wind
    17. GraverobberGraverobber
    18. Wind
    19. GruntGruntfor Suicide front
    20. GruntGrunt
    21. Metal storage
    22. Converter ×2
  3. 3

    5:00 to Advanced Bot Lab

    Economy
    • Wind Turbine2Wind
    • Energy Converter2Converter
    Order
    1. Advanced Geothermal PowerplantAdvanced Geothermal Powerplant after 9 wind, 12 converter, 6 con turretin 57% of games
    2. Advanced Bot LabAdvanced Bot Lab after 12 wind, 12 converter, 6 con turretdone ~7:55, middle half 7:30–8:27

    Some games also: con turret (49%)

    By 7:14 in all: 4 mex · 12 wind · 1 geo · 1 Advanced Geothermal Powerplant · 12 converter · 1 energy storage

    The example game in this phase · 13 steps
    1. Converter
    2. Bot LabEat Bot Labreclaimed for its metal
    3. Converter ×2
    4. Wind
    5. Converter ×2
    6. Con turret
    7. Converter
    8. Wind
    9. Con turret ×2
    10. Wind
    11. Con turret
    12. Wind
    13. Advanced Bot LabAdvanced Bot Labdone 7:02 · typical 7:55
  4. 4

    Advanced Bot Lab to 10:00

    Economy
    • Energy Converter3Converter
    Army
    • Sheldon3 Sheldon

    Some games also: radar bot (50%) · jammer bot (49%) · T2 con bot for allies (45%) · wind (41%) · con turret (36%)

    By 10:00 in all: 4 mex · 17 wind · 1 geo · 1 Advanced Geothermal Powerplant · 16 converter · 1 energy storage

    The example game in this phase · 142 steps
    1. Wind ×7
    2. SheldonSheldonnot finished by 15:00 · typical 8:39
    3. Wind
    4. Advanced Construction BotT2 con bot
    5. Wind ×3
    6. SheldonSheldonfor Suicide front
    7. Advanced Metal ExtractorT2 mexdone 8:49
    8. SheldonSheldonfor Suicide front
    9. Converter ×3
    10. SheldonSheldonfor Suicide front
    11. Converter
    12. Advanced Metal ExtractorT2 mex
    13. Converter
    14. SheldonSheldonfor Suicide front
    15. Converter
    16. SheldonSheldon
    17. Advanced Metal ExtractorT2 mex
    18. SheldonSheldon
    19. SumoSumodone 10:34
    20. DeceiverJammer bot
    21. AugurRadar bot
    22. SheldonSheldon
    23. FiendFiend
    24. SheldonSheldon
    25. Advanced Metal ExtractorT2 mex
    26. SheldonSheldon
    27. Wind
    28. Advanced Metal ExtractorT2 mex
    29. Tidal
    30. Wind ×2
    31. Converter ×2
    32. SheldonSheldon
    33. Tidal
    34. SheldonSheldon
    35. Tidal
    36. Wind
    37. Con turret
    38. Wind ×2
    39. Tidal
    40. SheldonSheldon
    41. Con turret
    42. Converter ×2
    43. Tidal
    44. Wind
    45. Con turret
    46. Wind
    47. SheldonSheldon
    48. Wind
    49. Tidal
    50. Con turret ×2
    51. SumoSumo
    52. CenturionCenturion
    53. Tidal
    54. Advanced Metal ExtractorT2 mex
    55. Wind
    56. Tidal
    57. Wind
    58. DeceiverJammer bot
    59. Wind
    60. Converter ×2
    61. AugurRadar bot
    62. SheldonSheldon
    63. Tidal
    64. FiendFiend
    65. Tidal
    66. SheldonSheldon
    67. Wind ×2
    68. Advanced Radar TowerAdvanced Radar Tower
    69. Tidal
    70. SheldonSheldon
    71. Wind
    72. SheldonSheldon
    73. Tidal
    74. Wind
    75. SheldonSheldon
    76. Converter
    77. SheldonSheldon
    78. Tidal
    79. ScorpionScorpion
    80. Wind ×2
    81. Converter
    82. SheldonSheldon
    83. Wind
    84. SumoSumo
    85. Wind
    86. Tidal
    87. DeceiverJammer bot
    88. Wind
    89. AugurRadar bot
    90. Tidal
    91. SheldonSheldon
    92. Wind ×2
    93. FiendFiend
    94. Wind
    95. SheldonSheldon
    96. Tidal
    97. ScorpionScorpion
    98. Wind
    99. Bot LabBot Labdone 13:40
    100. SheldonSheldon
    101. Converter
    102. Tidal
    103. Converter
    104. Tidal
    105. SheldonSheldon
    106. Wind ×3
    107. SheldonSheldon
    108. Tidal
    109. Wind
    110. SheldonSheldon
    111. ScorpionScorpion
    112. SheldonSheldon
    113. Wind
    114. Tidal
    115. SumoSumo
    116. Tidal
    117. Wind
    118. Converter
    119. DeceiverJammer bot
    120. Wind
    121. Converter
    122. AugurRadar bot
    123. SheldonSheldon
    124. Tidal
    125. FiendFiend
    126. SheldonSheldon ×2
    127. Tidal
    128. Wind
    129. SheldonSheldon
    130. Wind
    131. FiendFiend ×2
    132. Tidal
    133. FiendFiend
    134. SheldonSheldon
    135. Converter ×2
    136. SheldonSheldon
    137. Tidal
    138. SheldonSheldon
    139. Wind
    140. SumoSumo
    141. Wind
    142. Tidal

Counts are medians over the build's games: half of them build more, half fewer. The example game is illusiveman2024's (30 OS, 13/08/2026); pick another.

Team trades

IN AT LEAST 30% OF ITS GAMES

You hand over

  • Graverobber1 Graverobber to Beach seafirst at 2:20 · in 78% of games
  • Construction Bot1 Con bot to Beach seafirst at 2:34 · in 85% of games
  • Advanced Construction Bot1 T2 con bot to Suicide front or Frontfirst at 8:43 · in 53% of games

You get

  • Advanced Construction Bot1 T2 con bot from Techfirst at 4:57 · in 89% of games

How it plays out

Typical game of this build, running totals by minute

Metal produced

020k40k
0:005:0010:0015:00

metal

Enemy metal destroyed

05k10k
0:005:0010:0015:00

metal

Own metal lost

02k4k6k
0:005:0010:0015:00

metal

292 games.

Show as table
ByMetal produced: This buildEnemy metal destroyed: This buildOwn metal lost: This build
1:0034400
2:0087400
3:00150100
4:00263300
5:00369500
6:00550700
7:00781100
8:001079200
9:00136722143
10:0016596305172
11:00194081143661
12:002250022711370
13:002525540782249
14:002816058093808
15:003120278444901
WHAT THE NUMBERS SAY

Standard geo play wins less than half its games but builds a big eco lead, reaching nearly 31.5k metal production by 15:00.

  • + Metal production hits 16919 by 10:00, well ahead of most roles.
  • + Own metal lost stays near zero (260) by 10:00, a very safe tech rush.
  • − Team wins under half of games (46%).
  • − Enemy metal destroyed stays low (423) by 10:00, showing slow early impact.
THE EXAMPLE YOU ARE READING

illusiveman2024

30.4 OS · 13/08/2026

Open source match ↗

161 received units · includes a constructor
3177 metal received · 116497 energy received

Allied construction assistance is unknown. Timings are observations, not a promise of solo reproducibility.

Typical milestones

Bot Lab1:12Middle 50%: 0:57–1:23 · n=291
Geothermal Powerplant3:26Middle 50%: 3:09–3:45 · n=291
Advanced Metal Extractor5:40Middle 50%: 5:22–6:05 · n=259
Advanced Geothermal Powerplant7:20Middle 50%: 6:55–7:48 · n=191
Advanced Bot Lab7:55Middle 50%: 7:30–8:27 · n=228
Sheldon8:39Middle 50%: 8:04–9:19 · n=199

Played most by

_Hawkey_21games of this buildzeus_on_god13games of this buildRogShotz12games of this buildAmrissa9games of this buildGodmother139games of this build